 Dungeon Crawl Stone Soup version 0.31-a0-233-g139696dc86 (webtiles) character file.

Game seed: 11774525309926500104

82 qw the Shooter (level 4, -5/36 HPs)
             Began as a Minotaur Hexslinger on July 8, 2023.
             Slain by a gnoll
             ... wielding a +0 flail
              (8 damage)
             ... on level 3 of the Dungeon.
             The game lasted 00:00:40 (1772 turns).

qw the Shooter (Minotaur Hexslinger)                Turns: 1772, Time: 00:00:40

Health: -5/36      AC:  6    Str: 12    XL:     4   Next: 21%
Magic:  4/4        EV: 10    Int: 14    God:
Gold:   123        SH:  0    Dex: 13    Spells: 4/5 levels left

rFire   . . .        Y - +2 sling
rCold   . . .        (no shield)
rNeg    . . .        a - +0 ring mail
rPois   .            (helmet restricted)
rElec   .            (no cloak)
rCorr   .            b - +2 pair of gloves
SInv    .            h - +0 pair of boots
Will    .....        (no amulet)
Stlth   +            (no ring)
HPRegen 0.26/turn    (no ring)
MPRegen 0.09/turn

%: no passive effects
@: no status effects
A: horns 2, retaliatory headbutt, talons 1, clever 1, deformed body
a: no special abilities


You were on level 3 of the Dungeon.
You visited 1 branch of the dungeon, and saw 3 of its levels.

You collected 123 gold pieces.


Innate Abilities, Weirdness & Mutations

You have a pair of horns on your head.
You reflexively headbutt those who attack you in melee.
You have sharp toenails.
Your mind is acute. (Int +4, Str/Dex -1)
Armour fits poorly on your strangely shaped body.


   Skills:
 - Level 2.0 Fighting
 + Level 4.6 Ranged Weapons
 - Level 1.0 Armour
 - Level 2.1 Dodging
 - Level 1.0 Spellcasting
 - Level 2.0 Hexes


You had 4 spell levels left.
You knew the following spells:

 Your Spells              Type           Power      Damage    Failure   Level
a - Slow                  Hex            24%        N/A       26%         1

Your spell library contained the following spells:

 Spells                   Type           Power      Damage    Failure   Level
 Inner Flame              Hex/Fire       3%         N/A       75%         3
 Portal Projectile        Hex/Tloc       6%         N/A       75%         3
 Cause Fear               Hex            3%         N/A       95%         4

Inventory:

Hand Weapons
 Y - a +2 sling (weapon)
Armour
 a - a +0 ring mail (worn)
 b - a +2 pair of gloves (worn)
 h - a +0 pair of boots (worn)
Scrolls
 e - a scroll of acquirement {unknown}
Potions
 c - a potion of brilliance {unknown}
 d - 2 potions of mutation

Dungeon Overview and Level Annotations

Branches:
Dungeon (3/15)

Altars:


Message History

The bat hits you but does no damage.
The gnoll hits you from afar with a +0 halberd.
You shoot a sling bullet. The sling bullet hits the bat.
You kill the bat!
The gnoll barely misses you.
The gnoll hits you from afar with a +0 halberd.
You shoot a sling bullet. The sling bullet hits the gnoll.
The gnoll is moderately wounded.
The gnoll barely misses you.
You shoot a sling bullet. The sling bullet hits the gnoll.
The gnoll is severely wounded.
The gnoll closely misses you.
You shoot a sling bullet.
The sling bullet barely misses the gnoll.
The gnoll hits you from afar with a +0 halberd.
You shoot a sling bullet. The sling bullet hits the gnoll.
You kill the gnoll!
Your Armour skill increases to level 1!
You shoot a sling bullet. The sling bullet hits the gnoll.
The gnoll is moderately wounded.
The gnoll hits you but does no damage.
You shoot a sling bullet.
The sling bullet closely misses the gnoll.
The gnoll hits you with a +0 flail.
You shoot a sling bullet. The sling bullet hits the gnoll.
The gnoll is moderately wounded.
The gnoll hits you but does no damage. The gnoll hits you with a +0 flail.
You shoot a sling bullet. The sling bullet hits the gnoll.
The gnoll is heavily wounded.
The gnoll hits you with a +0 flail.
You shoot a sling bullet. The sling bullet hits the gnoll.
The gnoll is heavily wounded.
You shoot a sling bullet.
The sling bullet barely misses the gnoll.
The gnoll barely misses you. The gnoll hits you with a +0 flail.
The gnoll hits you with a +0 flail!
You shoot a sling bullet.
The sling bullet closely misses the gnoll.
The gnoll hits you with a +0 flail. The gnoll hits you with a +0 flail!
You die...

#.# #. #.#
#. #.# #.
#.# #. #.#
#. #.# #)
#.#
#g#####.###
#g@.......##
#######....#
###<.# #..#
#..# #..#
#..# #...
####


You could see 2 gnolls.

Vanquished Creatures
  2 gnolls
  An adder (D:2)
  A worm (D:2)
  2 dart slugs
  5 endoplasms
  5 goblins
  6 hobgoblins
  4 jackals (D:2)
  2 quokkas (D:1)
  5 ball pythons
  3 bats
  4 frilled lizards
  2 kobolds
  4 rats
46 creatures vanquished.

Notes
Turn   | Place    | Note
-------+----------+-------------------------------------------
     0 | D:1      | qw the Minotaur Hexslinger began the quest for the Orb.
     0 | D:1      | Reached XP level 1. HP: 16/16 MP: 1/1
     0 | D:1      | 0 ||| qw: Version: 0.3-a-46-gb1f654a
     0 | D:1      | 0 ||| qw: Game counter: 3525
     0 | D:1      | 0 ||| qw: Melee chars always use a shield: true
     0 | D:1      | 0 ||| qw: God list: Okawaru
     0 | D:1      | 0 ||| qw: Allow faded altars: false
     0 | D:1      | 0 ||| qw: Do Orc after clearing Dungeon:15 true
     0 | D:1      | 0 ||| qw: Do second Lair branch before Depths: true
     0 | D:1      | 0 ||| qw: Lair rune preference: random
     0 | D:1      | 0 ||| qw: Goals: Normal
     0 | D:1      | 0 ||| PLANNING D:1-11
    55 | D:1      | 55 ||| DROPPING scroll of poison.
   243 | D:1      | Reached skill level 3 in Ranged Weapons
   252 | D:1      | Reached XP level 2. HP: 23/23 MP: 2/2
   422 | D:1      | HP: 5/24 [gnoll/+0 whip (4)]
   513 | D:1      | 513 ||| UPGRADING to +2 pair of gloves.
   680 | D:1      | Reached XP level 3. HP: 29/29 MP: 3/3
   753 | D:1      | 753 ||| UPGRADING to +0 pair of boots.
  1068 | D:1      | 1068 ||| DROPPING ring of flight.
  1069 | D:1      | 1069 ||| READING scroll labelled ALOIRU XOGOMNU.
  1070 | D:1      | 1070 ||| READING scroll labelled CEPICZAUPP.
  1071 | D:1      | 1071 ||| DRINKING 3 sapphire potions.
  1071 | D:1      | Gained mutation: You have sharp toenails. [potion of
                  | mutation]
  1071 | D:1      | Gained mutation: Your mind is acute. (Int +4, Str/Dex -1)
                  | [potion of mutation]
  1071 | D:1      | Gained mutation: Armour fits poorly on your strangely
                  | shaped body. [potion of mutation]
  1300 | D:2      | Reached skill level 4 in Ranged Weapons
  1476 | D:2      | Reached XP level 4. HP: 36/36 MP: 4/4
  1700 | D:2      | 1700 ||| UPGRADING to +0 ring mail.
  1710 | D:2      | 1710 ||| DROPPING +0 robe.
  1711 | D:2      | 1711 ||| READING scroll labelled REHOIVOTSAFO.
  1712 | D:2      | 1712 ||| READING scroll labelled ILATOO FOOJOFE.
  1713 | D:2      | 1713 ||| DRINKING 2 fuming sapphire potions.
  1714 | D:2      | 1714 ||| DROPPING potion of magic.
  1766 | D:3      | Reached skill level 1 in Armour
  1771 | D:3      | HP: 8/36 [gnoll/+0 flail (7)]
  1772 | D:3      | HP: 3/36 [gnoll/+0 flail (5)]
  1772 | D:3      | Slain by a gnoll

Levels and vault maps discovered:
D:1:      wander_arrival_estate, layout_basic, serial_co_window_serial,
          co_window_paths_a, co_window_corner_a, co_window_corner_a,
          co_window_paths_b, co_window_corner_a, co_window_paths_b,
          co_window_unsneaky_path_e, co_window_of_opportunity_b,
          co_window_2corner, co_window_broadway_c, co_window_of_opportunity_b,
          glass_columns_a, glass_columns_a, glass_columns_a, glass_columns_a,
          glass_columns_b, chequers_garden
D:2:      layout_basic
D:3:      layout_loops_ring, nicolae_overflow_crystal_walls,
          mainiacjoe_overflow_concentric_impassable,
          ebering_ecumenical_altar_webs

Skill      XL: |  1  2  3  4 |
---------------+-------------+-----
Ranged Weapons | 3 4 |  4.6
Fighting       | 2 |  2.0
Armour         | 1 |  1.0
Dodging        | |  2.1
Spellcasting   | |  1.0
Hexes          | |  2.0

Action                     |  1- 3 |  4- 6 || total
---------------------------+-------+-------++-------
   Fire: Sling             |   121 |    17 ||   138
    Use: Scroll            |     2 |     2 ||     4
         Potion            |     1 |     1 ||     2
 Armour: Robe              |    13 |       ||    13
         Ring mail         |       |     5 ||     5
  Dodge: Dodged            |    23 |     7 ||    30

Table legend:
 A = Non-vault XP
 B = Vault XP
 C = Vault XP percentage of total XP
 D = Non-vault monster count
 E = Vault monster count
 F = Vault count percentage of total count
                 A         B        C        D         E       F
            +---------+---------+-------+---------+---------+-------
      Total |     118 |       0 |   0.0 |      46 |       0 |   0.0
            +---------+---------+-------+---------+---------+-------
        D:1 |      48 |       0 |   0.0 |      21 |       0 |   0.0
        D:2 |      55 |       0 |   0.0 |      23 |       0 |   0.0
        D:3 |      15 |       0 |   0.0 |       2 |       0 |   0.0
            +---------+---------+-------+---------+---------+-------
